Map: Dynasty LE

Players

Kaxolix

  • Race: Terran Terran
  • Spawn Location: 1:00

A.I. 1 (Elite) - Winner!

  • Race: Terran Terran
  • Spawn Location: 7:00

VOD

Have the link to the VOD?

Description

Time

  • Played on: July 5, 2025, 1:28 p.m.
  • Length: 10:17
Show
View Real Time Build Order
Export as new Build Order

Kaxolix Terran 

Build Orders: Reaper Expand 

Get SALT Encoding   

  12  0:00  SCV  
  13  0:12  SCV  
  14  0:17  Supply Depot  
  14  0:24  SCV  
  15  0:38  SCV  
  15  0:42  Barracks  
  16  0:45  Refinery  
  16  0:50  SCV  
  17  1:03  SCV  
  18  1:29  Orbital Command  
  18  1:34  Command Center  
  18  1:39  Reaper  
  19  1:48  Supply Depot  
  19  1:55  SCV  
  19  2:00  Barracks  
  20  2:07  SCV  
  21  2:15  Barracks Reactor  
  21  2:20  SCV  
  21  2:22  Refinery  
  22  2:33  SCV  
  23  2:42  Barracks  
  23  2:46  SCV  
  23  2:49  Orbital Command  
  24  2:56  Barracks Tech Lab  
  24  2:58  SCV  
  25  3:03  Factory  
  25  3:07  Barracks  
  25  3:10  SCV  
  26  3:17  SCV  
  27  3:22  SCV  
  28  3:29  SCV  
  29  3:34  SCV  
  29  3:38  Barracks Tech Lab  
  30  3:41  SCV  
  30  3:48  Starport  
  31  3:49  Factory Tech Lab  
  31  3:52  Engineering Bay  
  31  3:54  Engineering Bay  
  31  3:56  Engineering Bay  
  31  4:03  Refinery  
  31  4:04  Refinery  
  31  4:07  SCV x2  
  33  4:11  Barracks Tech Lab, Marine, Marauder  
  33  4:12  Marine, Marauder  
  33  4:16  Stimpack  
  39  4:19  Terran Infantry Armor Level 1, SCV x2  
  41  4:25  Terran Infantry Weapons Level 1  
  41  4:29  Supply Depot  
  41  4:37  Starport Reactor  
  41  4:44  SCV x2  
  41  4:45  Siege Tank  
  46  4:48  Supply Depot  
  46  4:51  Supply Depot  
  46  4:53  Supply Depot  
  46  4:56  SCV  
  47  5:02  Marauder  
  47  5:03  Marauder  
  51  5:13  Medivac  
  53  5:24  Medivac  
  55  5:34  SCV x2  
  57  5:40  Command Center  
  57  5:46  SCV x2  
  57  5:47  Marine x2, Marauder x3  
  66  5:56  Concussive Shells  
  66  6:00  Armory  
  66  6:03  Armory  
  66  6:05  Armory  
  66  6:13  SCV x2  
  66  6:17  Marauder  
  66  6:18  Marauder  
  72  6:19  Marauder  
  72  6:23  Siege Tank  
  72  6:25  SCV x2  
  79  6:31  Medivac  
  81  6:39  Combat Shield  
  81  6:40  Medivac  
  83  6:52  Terran Vehicle Weapons Level 1  
  83  6:53  Refinery  
  83  6:55  Marauder x2  
  83  6:56  Marine x2  
  83  6:57  Marauder  
  91  7:08  SCV x2  
  93  7:09  Orbital Command  
  93  7:16  Siege Tank  
  93  7:17  Medivac  
  98  7:28  SCV x2  
  100  7:31  Marine  
  100  7:34  Supply Depot  
  100  7:35  Supply Depot  
  100  7:36  Supply Depot x2  
  101  7:43  Command Center  
  101  7:55  Marine  
  101  7:56  Marauder, Siege Tank, SCV x2  
  101  7:57  Marauder x2, SCV  
  114  8:00  Medivac x2, Factory  
  118  8:10  SCV x3  
  121  8:15  Supply Depot  
  121  8:16  Supply Depot  
  121  8:17  Supply Depot  
  85  8:58  Marauder x2  
  85  8:59  Marauder  
  82  9:11  Marine x2  
  82  9:13  Factory Reactor  
  82  9:14  Siege Tank  
  85  9:20  Marauder x3  
  90  9:29  Marine  
  89  9:41  Marauder x2  
Show
View Real Time Build Order
Export as new Build Order

A.I. 1 (Elite) Terran - Winner!

Build Orders:  

Get SALT Encoding   

  12  0:00  SCV  
  13  0:13  SCV  
  14  0:18  Supply Depot  
  14  0:25  SCV  
  15  0:40  SCV  
  15  0:42  Barracks  
  16  0:52  SCV  
  18  1:04  SCV  
  18  1:10  Refinery  
  18  1:12  Supply Depot  
  18  1:16  SCV  
  19  1:28  SCV  
  19  1:29  Marine  
  21  1:41  Command Center  
  21  2:04  Barracks  
  21  2:06  SCV  
  22  2:10  Marine  
  22  2:12  Factory  
  23  2:19  SCV  
  24  2:23  Supply Depot  
  24  2:29  Marine  
  25  2:31  SCV  
  26  2:43  SCV  
  27  2:46  Marine  
  28  2:53  Orbital Command  
  28  2:55  SCV  
  28  2:57  Factory Tech Lab  
  29  3:01  Refinery  
  29  3:11  Orbital Command  
  29  3:12  Marine  
  30  3:15  Marine  
  31  3:21  SCV  
  32  3:30  Marine  
  32  3:33  Marine, SCV  
  35  3:36  SCV  
  36  3:43  Barracks  
  36  3:45  SCV  
  36  3:48  Marine, SCV  
  38  3:52  Barracks Tech Lab  
  39  3:57  SCV  
  39  3:58  Supply Depot  
  39  4:00  SCV  
  41  4:06  Barracks Tech Lab  
  41  4:09  SCV  
  42  4:10  Marine  
  42  4:11  Stimpack  
  42  4:12  SCV  
  42  4:13  Siege Tank  
  47  4:21  SCV  
  48  4:24  Combat Shield, Marine  
  48  4:25  SCV  
  48  4:27  Marine  
  48  4:30  Marine  
  52  4:32  Supply Depot  
  52  4:33  SCV  
  52  4:37  SCV  
  54  4:38  Supply Depot  
  54  4:42  Marine  
  55  4:45  SCV  
  55  4:46  Marauder  
  55  4:49  SCV  
  59  4:54  Refinery  
  59  4:58  SCV  
  60  5:01  Marauder, SCV  
  63  5:07  Marauder  
  63  5:08  Barracks Reactor, Engineering Bay  
  63  5:10  SCV  
  63  5:13  SCV  
  67  5:16  Command Center, Engineering Bay  
  67  5:22  Marauder, SCV  
  70  5:30  SCV, Supply Depot  
  70  5:34  Terran Infantry Weapons Level 1, SCV  
  72  5:36  Marauder  
  72  5:41  Terran Infantry Armor Level 1  
  72  5:42  SCV  
  75  5:43  Siege Tank  
  78  5:52  Marauder, SCV  
  78  5:53  Missile Turret  
  78  5:55  Supply Depot  
  78  5:56  SCV  
  82  6:05  Missile Turret  
  82  6:06  Refinery  
  82  6:10  Marauder  
  84  6:13  Barracks  
  84  6:14  Marauder  
  84  6:17  Siege Tank  
  89  6:18  Starport  
  89  6:21  Supply Depot  
  89  6:22  Concussive Shells  
  89  6:29  SCV x3  
  89  6:30  Refinery  
  89  6:31  Marauder  
  94  6:35  Marauder  
  96  6:41  SCV  
  96  6:42  Orbital Command  
  96  6:43  SCV  
  98  6:49  Siege Tank  
  98  6:51  Marine  
  98  6:53  SCV  
  103  6:55  Medivac, Missile Turret  
  103  6:56  SCV  
  103  6:58  Missile Turret  
  103  6:59  Supply Depot  
  103  7:01  Marine  
  107  7:04  Marauder  
  107  7:05  SCV  
  107  7:08  SCV  
  111  7:09  SCV  
  112  7:17  SCV  
  112  7:19  Marauder, Missile Turret  
  112  7:20  SCV  
  112  7:21  Siege Tank  
  112  7:22  SCV, Supply Depot  
  120  7:25  Starport Reactor  
  120  7:29  SCV  
  121  7:35  Refinery  
  121  7:40  Armory  
  121  7:41  Missile Turret  
  122  7:44  SCV x2  
  122  7:45  SCV  
  122  7:46  Supply Depot  
  124  7:53  Siege Tank  
  124  7:56  SCV  
  128  8:01  Medivac  
  128  8:02  Missile Turret  
  130  8:07  SCV  
  130  8:08  SCV  
  130  8:09  Supply Depot  
  132  8:15  Armory  
  132  8:17  Medivac, Command Center  
  134  8:23  Factory  
  134  8:26  Widow Mine  
  136  8:32  Supply Depot  
  136  8:38  Hi-Sec Auto Tracking  
  136  8:40  Marine x2, Missile Turret  
  136  8:41  Marine x2, Marauder  
  129  8:44  Starport  
  129  8:47  Widow Mine  
  113  8:54  Viking  
  106  8:57  Viking  
  106  8:58  Marine x3  
  106  8:59  Marine  
  106  9:02  Marauder  
  114  9:08  Widow Mine  
  118  9:10  Widow Mine  
  118  9:16  Marine  
  121  9:17  Marine, Marauder  
  121  9:19  Marine  
  121  9:22  Starport Tech Lab, Barracks  
  121  9:23  Marauder  
  121  9:24  Viking  
  127  9:27  Medivac  
  127  9:30  Factory Tech Lab  
  127  9:31  Cyclone  
  132  9:33  Marine  
  132  9:35  Marine  
  132  9:36  Planetary Fortress  
  136  9:38  Marauder  
  136  9:39  Marine  
  136  9:40  Missile Turret  
  136  9:42  Raven, Missile Turret  
  136  9:45  Marauder  
  141  9:51  Marine  
  142  9:53  Marine  
  142  9:57  Barracks Tech Lab  
  148  10:04  Command Center  
  153  10:10  Supply Depot  
Tags
 
Matchup
TvT
Race
Terran
Spawn Locations
Cross Positions
Add a new tag
Caveats
  • Supply blocks, unpowered buildings, or Contaminate may cause inaccurate times.
  • Supply counts are checked every 10 seconds.